 Dungeon Crawl Stone Soup version 0.30-a0-528-g8c47a4955b (webtiles) character file.

Game seed: 15165537523519971168

95 xzight the Magician (level 4, 0/24 HPs)
             Began as a Deep Elf Fire Elementalist on Dec 23, 2022.
             Slain by a goblin
             ... wielding a +0 dagger
             ... led by Robin
              (5 damage)
             ... on level 2 of the Dungeon.
             The game lasted 00:03:36 (2037 turns).

xzight the Magician (Deep Elf Fire Elementalist)    Turns: 2037, Time: 00:03:37

Health: 0/24       AC:  2    Str:  5    XL:     4   Next: 40%
Magic:  7/13       EV: 12    Int: 22    God:
Gold:   63         SH:  0    Dex: 15    Spells: 10/13 levels left

rFire   . . .      SeeInvis .    h - +0 dagger (drain)
rCold   . . .      Faith    .    (no shield)
rNeg    . . .      Spirit   .    a - +0 robe
rPois   .          Reflect  .    (no helmet)
rElec   .          Harm     .    (no cloak)
rCorr   .          Rampage  .    (no gloves)
Will    .....                    (no boots)
Stlth   ++                       (no amulet)
HPRegen 0.24/turn                (no ring)
MPRegen 0.13/turn                (no ring)

@: no status effects
A: no striking features
a: no special abilities


You were on level 2 of the Dungeon.
You visited 1 branch of the dungeon, and saw 2 of its levels.

You collected 63 gold pieces.


   Skills:
 - Level 2.4 Dodging
 - Level 2.4 Stealth
 - Level 5.0 Spellcasting
 + Level 2.4 Conjurations
 + Level 4.0 Fire Magic


You had 10 spell levels left.
You knew the following spells:

 Your Spells              Type           Power      Damage    Failure   Level
a - Foxfire               Conj/Fire      76%        2x1d7     2%          1
b - Scorch                Fire           46%        2d7       3%          2

Your spell library contained the following spells:

 Spells                   Type           Power      Damage    Failure   Level
 Inner Flame              Hex/Fire       14%        N/A       13%         3
 Kindle Blastsparks       Fire/Tloc/Air  22%        2d11      17%         3
 Hailstorm                Conj/Ice       10%        3d5       19%         3
 Flame Wave               Conj/Fire      19%        2d7       26%         4
 Ice Form                 Ice/Tmut       5%         N/A       69%         4
 Summon Lightning Spire   Summ/Air       5%         N/A       69%         4
 Simulacrum               Ice/Necr       2%         N/A       100%        6
 Storm Form               Tmut/Air       2%         N/A       100%        7
 Maxwell's Capacitive Co  Air            2%         ∞         100%        8

Inventory:

Hand Weapons
 h - a +0 dagger of draining (weapon)
Armour
 a - a +0 robe (worn)
Scrolls
 e - a scroll of amnesia {unknown}
 i - 2 scrolls of vulnerability {unknown}
Potions
 b - a potion of magic
 c - a potion of flight
 d - a potion of might {unknown}
 g - a potion of curing {unknown}

Dungeon Overview and Level Annotations

Branches:
Dungeon (2/15)

Altars:

Annotations:
D:2 Robin

#........##.# #.......#.######
#........##.# #.....#.#.......
#........##..#########.#.####.#
###....####.#.........#.#
.#.#########.# #.# #.# . #.#
#.# .. #.####### #..
...####+#@g......
#...g..g####### #......g#
#(..g...# #.......+ .....g....#
..........# ............
...).........


You could see Robin, 2 hobgoblins and 3 goblins.


Message History

A goblin comes into view. It is wielding a +0 dagger.
A hobgoblin comes into view.
Robin roars a battlecry!
The goblins go into a battle-frenzy!
The goblin barely misses you.
Unknown command.
Casting: Foxfire (safe; 2% risk of failure)
Confirm with . or Enter, or press ? or * to list all spells.
You conjure some foxfire!
The foxfire hits the goblin but does no damage. x2
The goblin throws a boomerang.
The boomerang hits you. The goblin hits you but does no damage.
Robin throws the goblin at you!
Unknown command.
The foxfire hits the goblin but does no damage.
The foxfire hits the goblin.
The goblin is almost dead.
The goblin hits you with a +0 club. x2
* * * LOW HITPOINT WARNING * * *
The goblin hits you with a +0 club.
* * * LOW HITPOINT WARNING * * *
As you read the scroll labelled PASEIV ULIBIWK, it crumbles to dust.
It is a scroll of identify.
c - a potion of flight The goblin misses you.
The goblin barely misses you. Robin throws the goblin at you!
* * * LOW HITPOINT WARNING * * *
The goblin attacks as you move away! The goblin hits you with a +0 club.
* * * LOW HITPOINT WARNING * * *
The goblin hits you with a +0 dagger.
You die...

Skill      XL: |  1  2  3  4 |
---------------+-------------+-----
Spellcasting   | 4 5 |  5.0
Conjurations   | 2 |  2.4
Fire Magic     | 4 |  4.0
Dodging        | |  2.4
Stealth        | |  2.4

Action                   |  1- 3 |  4- 6 || total
-------------------------+-------+-------++-------
Melee: Unarmed           |     8 |       ||     8
 Cast: Foxfire           |   103 |    17 ||   120
  Use: Scroll            |       |     1 ||     1
Armor: Robe              |     4 |     1 ||     5
Dodge: Dodged            |     4 |     4 ||     8

Levels and vault maps discovered:
D:1:      roderic_crop_circles_arrival_small, layout_loops_ring
D:2:      layout_basic, hellmonk_ecumenical_altar_leap_of_faith, uniq_natasha,
          uniq_robin

Notes
Turn   | Place    | Note
-------+----------+-------------------------------------------
     0 | D:1      | xzight the Deep Elf Fire Elementalist began the quest for
                  | the Orb.
     0 | D:1      | Reached XP level 1. HP: 10/10 MP: 6/6
   468 | D:1      | Reached skill level 4 in Spellcasting
   468 | D:1      | Reached XP level 2. HP: 15/15 MP: 5/9
   471 | D:1      | Learned a level 2 spell: Scorch
  1499 | D:2      | Found a faded altar of an unknown god.
  1571 | D:2      | Reached XP level 3. HP: 19/19 MP: 7/11
  1620 | D:2      | Reached skill level 5 in Spellcasting
  1766 | D:2      | Noticed Natasha
  1769 | D:2      | Killed Natasha
  1770 | D:2      | Reached skill level 2 in Conjurations
  1786 | D:2      | Reached XP level 4. HP: 24/24 MP: 1/13
  1989 | D:2      | Noticed Natasha
  1992 | D:2      | Killed Natasha
  1993 | D:2      | Reached skill level 4 in Fire Magic
  2026 | D:2      | Noticed Robin
  2037 | D:2      | Slain by a goblin

Vanquished Creatures
  Natasha (twice) (D:2)
  A worm (D:2)
  A dart slug (D:1)
  A bat (D:1)
  An endoplasm (D:2)
  12 goblins
  7 hobgoblins
  4 kobolds
  A quokka (D:2)
  A ball python (D:1)
  A frilled lizard (D:2)
  4 rats (D:1)
36 creatures vanquished.

Vanquished Creatures (collateral kills)
  7 foxfires (D:1)
7 creatures vanquished.

Vanquished Creatures (others)
  167 foxfires
  30 plants (D:1)
197 creatures vanquished.

Grand Total: 240 creatures vanquished

Table legend: (Time is in decaauts)
 A = Elapsed time spent in this place.
 B = Non-inter-level travel time spent in this place.
 C = Inter-level travel time spent in this place.
 D = Time resting spent in this place.
 E = Time spent auto-exploring this place.
 F = Levels seen in this place.
 G = Mean time per level.
                   A        B        C        D        E       F      G
               +--------+--------+--------+--------+--------+-----+--------+
         Total |   2036 |   2007 |     29 |    698 |    994 |   2 | 1018.0 |
       Dungeon |   2036 |   2007 |     29 |    698 |    994 |   2 | 1018.0 |
               +--------+--------+--------+--------+--------+-----+--------+

Top non-repeatable levels by time:
     D:1: 1489 daAuts
     D:2: 546 daAuts

Table legend:
 A = Non-vault XP
 B = Vault XP
 C = Vault XP percentage of total XP
 D = Non-vault monster count
 E = Vault monster count
 F = Vault count percentage of total count
                 A         B        C        D         E       F
            +---------+---------+-------+---------+---------+-------
      Total |      89 |      48 |  35.0 |      29 |       7 |  19.4
            +---------+---------+-------+---------+---------+-------
        D:1 |      39 |       0 |   0.0 |      21 |       0 |   0.0
        D:2 |      50 |      48 |  49.0 |       8 |       7 |  46.7
            +---------+---------+-------+---------+---------+-------
